 Dungeon Crawl Stone Soup version 0.23-a0-642-g3120c2f5a9 (webtiles) character file.

80357 HereIgoKillingAgain the Grappler (level 15, -3/124 HPs)
             Began as a Naga Transmuter on Dec 31, 2018.
             Was a High Priest of Fedhas.
             Slain by an eight-headed hydra (17 damage)
             ... on level 12 of the Dungeon.
             The game lasted 00:56:37 (23393 turns).

HereIgoKillingAgain the Grappler (Naga Transmuter) Turns: 23393, Time: 00:56:37

Health: -3/124     AC: 18    Str: 14    XL:     15   Next: 66%
Magic:  28/29      EV: 15    Int: 18    God:    Fedhas [*****.]
Gold:   1380       SH:  2    Dex: 12    Spells: 21/35 levels left

rFire    + . .     SeeInvis +     - Unarmed
rCold    . . .     Gourm    .   (shield currently unavailable)
rNeg     . . .     Faith    .   G - +1 robe {rF+}
rPois    +         Spirit   .   O - +0 helmet {SInv}
rElec    .         Reflect  +   H - scarf {repulsion}
rCorr    .         Harm     .   (gloves currently unavailable)
MR       +....                  (no barding)
Stlth    +.........             X - +2 amulet of reflection
HPRegen  0.30/turn              Q - ring of Robustness {AC+8}
MPRegen  0.21/turn              k - +4 ring of slaying

@: about to teleport, blade hands (expiring), repel missiles, very slow
A: large, molten scales 1, see invisible, deformed body, frail 1, poison
resistance, slowness 2, slow metabolism 1, spit poison 2, constrict 1, AC +5
a: Breathe Poison Gas, End Transformation, Fungal Bloom, Sunlight, Evolution,
Growth, Reproduction, Rain, Renounce Religion


You were on level 12 of the Dungeon.
You worshipped Fedhas.
Fedhas was extremely pleased with you.
You were hungry.
You had blades for hands.
You visited 3 branches of the dungeon, and saw 19 of its levels.
You also visited: Bailey and Gauntlet.

You collected 1380 gold pieces.

Inventory:

Missiles
 s - 253 arrows
Armour
 p - a +1 pair of gloves (melded)
 G - a +1 robe of fire resistance (worn)
 H - a scarf of repulsion (worn)
 O - a +0 helmet of see invisible (worn)
Magical Staves
 o - an uncursed staff of power
Jewellery
 e - an uncursed amulet of the acrobat
 i - a +3 ring of slaying
 k - a +4 ring of slaying (right scythe-like blade)
 q - an uncursed ring of resist corrosion
 y - an uncursed ring of protection from cold
 B - an uncursed ring of see invisible {unknown}
 Q - the ring of Robustness (left scythe-like blade) {AC+8}
   (You found it in a Gauntlet)

   [ring of protection]

   It affects your AC (+8).
 X - a +2 amulet of reflection (around neck)
 Z - the ring of Sovereignty {rF+ MR+}
   (You found it on level 6 of the Lair of Beasts)

   [ring of protection from fire]

   It protects you from fire.
   It affects your resistance to hostile enchantments.
Wands
 b - a wand of polymorph (24)
 c - a wand of flame (24)
 r - a wand of enslavement (13)
 C - a wand of disintegration (11)
 M - a wand of digging (10)
Scrolls
 a - 2 scrolls of identify
 g - 3 scrolls of fear
 h - 7 scrolls of enchant weapon
 j - 11 scrolls of remove curse
 n - 4 scrolls of blinking
 w - 2 scrolls of magic mapping
 D - 3 scrolls of immolation
 E - a scroll of teleportation
 F - 5 scrolls of amnesia
Potions
 f - 2 potions of cancellation
 m - 2 potions of brilliance
 t - 2 potions of invisibility
 v - 6 potions of curing
 x - a potion of agility
 z - 3 potions of heal wounds
 A - 3 potions of magic
 J - a potion of haste
 V - 2 potions of might
 W - a potion of ambrosia
Miscellaneous
 U - a phial of floods (inert)
Comestibles
 d - 17 rations


   Skills:
 + Level 10.1 Fighting
 + Level 10.2 Dodging
 * Level 14.1 Unarmed Combat
 * Level 10.6 Spellcasting
 - Level 10.0 Transmutations
 - Level 5.6 Invocations


You had 21 spell levels left.
You knew the following spells:

 Your Spells              Type           Power        Failure   Level  Hunger
a - Blade Hands           Tmut           #####.....   26%         5    #####..
b - Sticks to Snakes      Tmut           #####...     9%          2    None
c - Spider Form           Tmut/Pois      ####......   24%         3    None
d - Ice Form              Ice/Tmut       ####....     45%         4    ##.....

Your spell library contained the following spells:

 Spells                   Type           Power        Failure   Level  Hunger
 Beastly Appendage        Tmut           #####.       8%          1    None
 Apportation              Tloc           #.....       41%         1    None
 Summon Butterflies       Summ           #.......     41%         1    None
 Lesser Beckoning         Tloc           #.........   65%         3    None
 Tukima's Dance           Hex            #.......     65%         3    None
 Alistair's Intoxication  Tmut/Pois      ####....     69%         5    #####..
 Invisibility             Hex            #.......     100%        6    ######.


Dungeon Overview and Level Annotations

Branches:
Dungeon (12/15)            Temple (1/1) D:4            Lair (6/6) D:10
 Shoals (0/4) Lair:3        Snake (0/4) Lair:3        Slime (0/5) Lair:5
    Orc (0/2) D:12

Altars:
Ashenzari
Cheibriados
Dithmenos
Elyvilon
Fedhas
Gozag
Hepliaklqana
Kikubaaqudgha
Makhleb
Nemelex Xobeh
Okawaru
Qazlal
Ru
Sif Muna
Trog
Uskayaw
Vehumet
Wu Jian
Xom
Yredelemnul
Zin
The Shining One
Jiyva

Shops:
D:5 *   D:7 (   D:8 :

Portals:
Trove: D:11 (give +7 demon whip)


Innate Abilities, Weirdness & Mutations

You cannot wear boots.
Your serpentine skin is tough. (AC +5)
You have supernaturally acute eyesight. (SInv)
Armour fits poorly on your strangely shaped body.
Your system is resistant to poisons. (rPois)
You cover ground very slowly.
You have a slow metabolism.
You can exhale a cloud of poison.
You can use your snake-like lower body to constrict enemies.
You are partially covered in molten scales. (AC +2)
You are frail. (-10% HP)


Message History

The eight-headed hydra bites you but does no damage.
The eight-headed hydra bites you!
The eight-headed hydra closely misses you.
The eight-headed hydra bites you!
The eight-headed hydra bites you but does no damage.
The eight-headed hydra closely misses you.
The eight-headed hydra completely misses you.
The brown ugly thing is engulfed in noxious fumes.
As you read the scroll of teleportation, it crumbles to dust.
You feel strangely unstable. The eight-headed hydra misses you.
The eight-headed hydra bites you!
* * * LOW HITPOINT WARNING * * *
The eight-headed hydra bites you!
* * * LOW HITPOINT WARNING * * *
The eight-headed hydra barely misses you.
The eight-headed hydra bites you!
* * * LOW HITPOINT WARNING * * *
The eight-headed hydra bites you!
You die...
Fedhas appreciates your contribution to the ecosystem.

######÷.#######
#..............
#.#####.######.
#.# #.# #. #.#
#.# #. #.# #.#
#< #####.# #.#
#. #.....# #.#
#. ##@#### #.#
#. #D## # #.#
#. #.#u##.#
#.######.
####§.#
#........ #.#.#
######### .[# #
.##. ## #


You could see an eight-headed hydra and a brown ugly thing.

Vanquished Creatures
  Gastronok (Lair:1)
  2 entropy weavers (Lair:5)
  A minotaur (Gauntlet)
  5 hydras
  2 catoblepae (Lair:6)
  A merfolk avatar (Lair:6)
  2 queen ants
  A two-headed ogre (D:11)
  Urug (D:12)
  2 sea snakes (Lair:6)
  Pikel (D:9)
  2 harpies (Lair:6)
  2 orc knights (Bailey)
  A worldbinder (Gauntlet)
  A salamander (shapeshifter) (Gauntlet)
  An ugly thing (D:12)
  A manticore (D:11)
  A gargoyle (D:12)
  2 elephants (Lair:6)
  9 spiny frogs
  A centaur skeleton (D:12)
  7 komodo dragons
  8 rime drakes
  3 trolls
  3 polar bears (Lair:6)
  8 hippogriffs
  A wind drake (shapeshifter) (Gauntlet)
  Prince Ribbit (D:7)
  5 blink frogs
  7 dream sheep (Lair:4)
  4 hornets (Lair:6)
  Sigmund (D:2)
  A spriggan (D:7)
  4 wyverns
  A yak (shapeshifter) (Gauntlet)
  43 yaks
  8 steam dragons (Lair:2)
  A basilisk (Lair:2)
  Menkaure (D:6)
  24 soldier ants
  5 nagas (Lair:3)
  4 porcupines
  11 water moccasins
  3 black bears
  Duvessa (D:6)
  12 orc warriors
  3 sky beasts
  4 slaves (D:9)
  5 ice beasts
  2 necrophages
  4 ogres
  2 phantoms
  5 wolves (Lair:4)
  8 centaurs
  13 crocodiles
  A big kobold (D:7)
  14 bullfrogs
  Dowan (D:6)
  A wyvern zombie (D:11)
  A water moccasin skeleton (D:9)
  A wyvern skeleton (D:12)
  17 killer bees
  4 wights (D:9)
  3 crimson imps
  5 bullfrog zombies
  2 howler monkeys
  A quasit (D:9)
  Crazy Yiuf (D:3)
  A gnoll shaman (D:5)
  5 hounds
  2 jellies
  5 orc priests
  Natasha (D:3)
  3 iguanas
  12 orc wizards
  20 worker ants
  2 killer bee zombies
  A hound zombie (D:7)
  A hound skeleton (D:6)
  A howler monkey zombie (D:6)
  A worker ant zombie (D:11)
  10 gnolls
  5 adders
  2 shadow imps
  An adder zombie (D:5)
  An adder skeleton (D:4)
  A worm (D:3)
  A dart slug (D:1)
  5 leopard geckos
  63 orcs
  4 giant cockroaches
  6 goblins
  6 hobgoblins
  2 jackals (D:5)
  6 kobolds
  2 quokkas
  3 ball pythons
  9 bats
  3 frilled lizards
  6 rats
  4 plants (D:10)
500 creatures vanquished.

Vanquished Creatures (collateral kills)
  A hydra (Lair:5)
  A two-headed ogre (D:8)
  A komodo dragon (Lair:6)
  A blink frog (Lair:1)
  4 yaks
  A steam dragon (Lair:2)
  An ogre (D:4)
  A centaur (D:10)
  A killer bee (D:10)
  A wight (D:9)
  A crimson imp (D:11)
  An orc wizard (D:10)
  Natasha (twice) (D:3)
  5 gnolls
  3 adders
  An ooze (D:2)
  2 worms
  2 orcs (D:4)
  2 ball pythons (D:2)
  2 goblins (D:2)
  2 jackals (D:5)
  A bat (D:2)
  A frilled lizard (D:3)
  A leopard gecko skeleton (D:8)
  A rat (D:2)
  A plant (D:10)
41 creatures vanquished.

Vanquished Creatures (others)
  5 wandering mushrooms
  A leopard gecko (D:5)
  11 fungi
  11 plants
  400 toadstools
428 creatures vanquished.

Grand Total: 969 creatures vanquished

Notes
Turn   | Place    | Note
-------+----------+-------------------------------------------
     0 | D:1      | HereIgoKillingAgain the Naga Transmuter began the quest for
                  | the Orb.
     0 | D:1      | Reached XP level 1. HP: 18/18 MP: 3/3
   663 | D:1      | Reached XP level 2. HP: 23/25 MP: 3/5
   667 | D:1      | Learned a level 2 spell: Sticks to Snakes
  1359 | D:2      | Noticed a bullfrog
  1366 | D:2      | Reached XP level 3. HP: 29/31 MP: 1/6
  1370 | D:2      | Killed a bullfrog
  1370 | D:2      | Reached XP level 4. HP: 26/38 MP: 1/7
  1424 | D:2      | Found an ancient bone altar of Kikubaaqudgha.
  1462 | D:2      | Noticed Sigmund
  1486 | D:2      | Killed Sigmund
  1486 | D:2      | Reached skill level 5 in Transmutations
  1486 | D:2      | Reached XP level 5. HP: 28/44 MP: 2/8
  1861 | D:2      | Reached XP level 6. HP: 26/51 MP: 4/9
  2266 | D:3      | Found an ornate altar of the Wu Jian Council.
  2421 | D:3      | Noticed Natasha
  2435 | D:3      | Killed Natasha
  2706 | D:3      | Noticed Natasha
  2715 | D:3      | Killed Natasha
  3118 | D:3      | Found a runed door.
  3283 | D:3      | Noticed Natasha
  3294 | D:3      | Killed Natasha
  3352 | D:3      | Noticed Crazy Yiuf
  3372 | D:3      | Gained mutation: You can exhale a cloud of poison. [potion
                  | of mutation]
  3372 | D:3      | Gained mutation: You are frail. (-10% HP) [potion of
                  | mutation]
  3372 | D:3      | Gained mutation: You are partially covered in molten
                  | scales. (AC +2) [potion of mutation]
  3375 | D:3      | Killed Crazy Yiuf
  3867 | D:5      | Entered Level 5 of the Dungeon
  3872 | D:5      | Reached XP level 7. HP: 12/51 MP: 4/10
  3877 | D:5      | Learned a level 3 spell: Spider Form
  4547 | D:4      | Found a staircase to the Ecumenical Temple.
  4701 | Temple   | Entered the Ecumenical Temple
  4787 | Temple   | Became a worshipper of Fedhas Madash
  5604 | D:5      | Reached XP level 8. HP: 57/57 MP: 6/11
  5611 | D:5      | Learned a level 5 spell: Blade Hands
  6012 | D:5      | Found a stormy altar of Qazlal.
  6076 | D:5      | Found an opulent altar of Gozag.
  6439 | D:5      | Found Gozag's Platinum Reserve.
  6592 | D:6      | Noticed a four-headed hydra
  6597 | D:6      | Reached * piety under Fedhas
  6730 | D:6      | Killed a four-headed hydra
  6730 | D:6      | Reached skill level 4 in Unarmed Combat
  6730 | D:6      | Reached XP level 9. HP: 9/68 MP: 12/12
  7403 | D:6      | Noticed Duvessa
  7414 | D:6      | Killed Duvessa
  7415 | D:6      | Noticed Dowan
  7502 | D:6      | Noticed Menkaure
  7503 | D:6      | Killed Dowan
  7512 | D:6      | Killed Menkaure
  7512 | D:6      | Reached skill level 5 in Dodging
  7512 | D:6      | Reached skill level 5 in Unarmed Combat
  8098 | D:7      | Noticed Prince Ribbit
  8103 | D:7      | Killed Prince Ribbit
  8118 | D:7      | Found a flagged portal.
  8126 | Bailey   | Entered a bailey
  8609 | Bailey   | Reached skill level 10 in Transmutations
  8883 | Bailey   | Identified the cursed +0 ice dragon scales "Earthly Heaven"
                  | {rF- rC++ rN+ Regen+ Int-5}
  8945 | Bailey   | Noticed an orc knight
  8945 | Bailey   | Noticed an orc knight
  8994 | Bailey   | Killed an orc knight
  8994 | Bailey   | Reached skill level 5 in Fighting
  8994 | Bailey   | Reached XP level 10. HP: 79/79 MP: 7/13
  9022 | Bailey   | Killed an orc knight
  9022 | Bailey   | Reached skill level 6 in Unarmed Combat
  9086 | Bailey   | Got a shimmering dagger
  9285 | D:7      | Reached ** piety under Fedhas
  9470 | D:7      | Found Yfac's Antique Weapon Shop.
  9982 | D:8      | Found a white marble altar of Elyvilon.
 10014 | D:8      | Found a snail-covered altar of Cheibriados.
 10036 | D:8      | Noticed a two-headed ogre
 10054 | D:8      | Killed a two-headed ogre
 10135 | D:8      | Reached skill level 7 in Unarmed Combat
 10163 | D:8      | Found Zuecru Feha's Book Shop.
 10187 | D:8      | Reached skill level 1 in Invocations
 10353 | D:8      | Found a hazy altar of Hepliaklqana.
 10471 | D:8      | Found a glowing silver altar of Zin.
 10482 | D:8      | Found a basalt altar of Yredelemnul.
 10588 | D:9      | Reached XP level 11. HP: 47/89 MP: 3/14
 10883 | D:9      | Reached *** piety under Fedhas
 11051 | D:9      | Noticed Pikel
 11071 | D:9      | Killed Pikel
 11564 | D:9      | Identified the +5 dagger of Gravity {freeze, +Inv rElec MR-
                  | Dex+3} (You found it in a bailey)
 11601 | D:10     | Entered Level 10 of the Dungeon
 11665 | D:10     | Got a pitted buckler
 11741 | D:10     | Found a staircase to the Lair.
 11785 | D:10     | Reached skill level 8 in Unarmed Combat
 12126 | D:11     | Reached **** piety under Fedhas
 12666 | D:11     | Noticed a manticore
 12673 | D:11     | Killed a manticore
 12856 | D:11     | Found a portal to a secret trove of treasure.
 12896 | D:11     | Noticed a two-headed ogre
 12903 | D:11     | Killed a two-headed ogre
 13332 | D:10     | Reached skill level 5 in Spellcasting
 13779 | Lair:1   | Entered Level 1 of the Lair of Beasts
 13779 | Lair:1   | Noticed Gastronok
 13901 | Lair:1   | Killed Gastronok
 13901 | Lair:1   | Reached skill level 9 in Unarmed Combat
 13901 | Lair:1   | Reached XP level 12. HP: 72/98 MP: 15/20
 15016 | Lair:2   | Reached skill level 5 in Invocations
 15190 | Lair:2   | Reached skill level 10 in Unarmed Combat
 16560 | Lair:3   | Found a staircase to the Shoals.
 16583 | Lair:3   | Found a gate leading to a gauntlet.
 16588 | Gauntlet | Entered a Gauntlet
 16588 | Gauntlet | Found a transporter.
 16595 | Gauntlet | Found a transporter.
 16597 | Gauntlet | Found a transporter.
 16606 | Gauntlet | Found a transporter.
 16608 | Gauntlet | Found a transporter.
 16616 | Gauntlet | Found a transporter.
 16629 | Gauntlet | Noticed a green death
 16631 | Gauntlet | Found a runed door.
 16632 | Gauntlet | Found a transporter.
 16633 | Gauntlet | Found a runed door.
 16641 | Gauntlet | Found the cursed necklace of Bloodlust {*Rage +Rage MR++
                  | Int-3 Slay+6 *Curse}
 16642 | Gauntlet | Found a transporter.
 16645 | Gauntlet | Noticed a catoblepas
 16653 | Gauntlet | Found a transporter.
 16656 | Gauntlet | Found the ring of Robustness {AC+8}
 16658 | Gauntlet | Found a transporter.
 16658 | Gauntlet | Found a transporter.
 16674 | Gauntlet | Noticed a queen ant
 16677 | Gauntlet | Noticed a shock serpent
 16677 | Gauntlet | a death drake changed into a shock serpent
 16682 | Gauntlet | Found a transporter.
 16682 | Gauntlet | Found a transporter.
 16703 | Gauntlet | Noticed an anaconda
 16716 | Gauntlet | Noticed a spark wasp
 16716 | Gauntlet | an anaconda changed into a spark wasp
 16738 | Gauntlet | Found a transporter.
 16906 | Gauntlet | Noticed a great orb of eyes
 16906 | Gauntlet | a slime creature changed into a great orb of eyes
 16909 | Gauntlet | a great orb of eyes changed into a wolf spider
 16987 | Gauntlet | Noticed a shock serpent
 16988 | Gauntlet | a shock serpent changed into a mana viper
 17046 | Gauntlet | Noticed a two-headed ogre
 17048 | Gauntlet | a two-headed ogre changed into a sea snake
 17067 | Gauntlet | Noticed an alligator
 17067 | Gauntlet | a swamp worm changed into an alligator
 17093 | Gauntlet | Noticed a deep elf knight
 17093 | Gauntlet | Noticed a deep elf knight
 17093 | Gauntlet | Noticed a deep elf knight
 17125 | Gauntlet | Killed a queen ant
 17128 | Gauntlet | Gained mutation: You can use your snake-like lower body to
                  | constrict enemies. [Naga growth]
 17128 | Gauntlet | Reached XP level 13. HP: 85/106 MP: 18/24
 17433 | Gauntlet | Noticed a minotaur
 17442 | Gauntlet | Killed a minotaur
 17687 | Lair:3   | Identified the cursed -2 buckler of Fabauwn {rC+ Dex+3}
                  | (You found it on level 10 of the Dungeon)
 17764 | Lair:3   | Reached skill level 11 in Unarmed Combat
 18288 | Lair:3   | Found a staircase to the Snake Pit.
 19505 | Lair:5   | Found a viscous altar of Jiyva.
 19505 | Lair:5   | Found a staircase to the Slime Pits.
 19516 | Lair:5   | Found a white marble altar of Elyvilon.
 19725 | Lair:5   | Noticed an entropy weaver
 19735 | Lair:5   | Killed an entropy weaver
 19737 | Lair:5   | Noticed an entropy weaver
 19745 | Lair:5   | Killed an entropy weaver
 19745 | Lair:5   | Reached skill level 12 in Unarmed Combat
 20041 | Lair:6   | Entered Level 6 of the Lair of Beasts
 20478 | Lair:6   | Reached XP level 14. HP: 116/116 MP: 21/27
 20719 | Lair:6   | Learned a level 4 spell: Ice Form
 21093 | Lair:6   | Reached skill level 10 in Spellcasting
 21251 | Lair:6   | Reached skill level 10 in Dodging
 21623 | Lair:6   | Reached skill level 10 in Fighting
 21629 | Lair:6   | Reached ***** piety under Fedhas
 21647 | Lair:6   | Got a warped lead ring
 22418 | Lair:6   | Reached skill level 13 in Unarmed Combat
 22418 | Lair:6   | Reached XP level 15. HP: 124/124 MP: 29/29
 22426 | Lair:6   | Identified the ring of Sovereignty {rF+ MR+} (You found it
                  | on level 6 of the Lair of Beasts)
 22778 | D:12     | Reached skill level 14 in Unarmed Combat
 22918 | D:12     | Noticed Urug
 22930 | D:12     | Killed Urug
 22931 | D:12     | Found a staircase to the Orcish Mines.
 23393 | D:12     | Slain by an eight-headed hydra

Vault maps used:
D:1:      kilobyte_arrival_exit_the_forest
D:2:      lemuel_coloured_pillars_altar, first_ration, uniq_sigmund
D:3:      nicolae_overflow_crystal_walls, uniq_natasha, uniq_crazy_yiuf_cottage
D:4:      minmay_temple_entry_enclosed_plants
D:5:      grunt_qazlal_clouds, serial_glass, glass_columns_c, glass_columns_b,
          nicolae_gozag_zags_fifth_avenue
D:6:      minmay_misc_feat_pillars, st_stairs_9, minmay_chambers_of_fives,
          uniq_duvessa, uniq_menkaure
D:7:      serial_shops, shop, enter_bailey_3, the_bakery,
          small_statue_intersection, feat_on_display, uniq_prince_ribbit1
D:8:      nicolae_overflow_quartered_altars, lemuel_doored_altar, serial_shops,
          nicolae_shop_statue_plus
D:9:      uniq_pikel
D:10:     nicolae_whirlpool, dpeg_oklobed_lair
D:11:     nicolae_trove_entry_diagonal, minmay_misc_feat_rugged
D:12:     minmay_cornered_nines, orc_david_3, uniq_urug
Temple:   nicolae_temple_great_sept
Lair:1:   minivault_19, chequers_serial_rivers_micro_b,
          minmay_stone_trees_large, uniq_gastronok
Lair:2:   nicolae_volcano_entry_hallway, chequers_serial_rivers_small_b,
          bobbens_dragon_lair_wall
Lair:3:   shoals_dummy_entry, minmay_snake_entry_guardpost_medium,
          gauntlet_entry_generic
Lair:5:   slime_altar_1, basic_altar, columned_hall_lemuel, zaba_antful_of_joy
Lair:6:   gammafunk_lair_ancient_temple, minivault_26
Bailey:   bailey_polearm_1, bailey
Gauntlet: minmay_gauntlet_77_tree

Skill      XL: |  1  2  3  4  5  6  7  8  9 10 11 12 13 14 15 |
---------------+----------------------------------------------+-----
Transmutations | 3 4 5 6 7 9 10 | 10.0
Dodging        | 4 6 7 8 9 10 | 10.2
Fighting       | 3 5 6 7 8 9 10 | 10.1
Unarmed Combat | 4 5 7 9 10 12 13 14 | 14.1
Invocations    | 1 4 5 |  5.6
Spellcasting   | 5 7 9 10 | 10.6

Action                   |  1- 3 |  4- 6 |  7- 9 | 10-12 | 13-15 || total
-------------------------+-------+-------+-------+-------+-------++-------
Melee: Unarmed           |    79 |   132 |   238 |   486 |   371 ||  1306
       Headbutt          |     4 |     3 |       |       |       ||     7
       Punch             |     1 |     1 |     4 |    15 |    20 ||    41
       Constrict         |       |       |       |       |   100 ||   100
 Cast: Beastly Appendage |     7 |     1 |     2 |     1 |       ||    11
       Sticks to Snakes  |     3 |    30 |    19 |     7 |     3 ||    62
       Spider Form       |       |       |     5 |     1 |       ||     6
       Blade Hands       |       |       |    11 |    62 |    51 ||   124
       Ice Form          |       |       |       |       |     2 ||     2
Invok: Fungal Bloom      |       |       |    12 |    37 |    29 ||    78
       Sunlight          |       |       |     1 |     3 |     1 ||     5
       Evolution         |       |       |       |     5 |       ||     5
       Rain              |       |       |       |       |     1 ||     1
 Abil: Breathe Poison Ga |       |       |    14 |     9 |     5 ||    28
       End Transformatio |       |       |       |     1 |     1 ||     2
Evoke: Wand              |       |       |     3 |     1 |    23 ||    27
       Phial of floods   |       |       |       |       |     2 ||     2
  Use: Scroll            |       |     7 |     4 |     8 |    19 ||    38
       Potion            |       |     3 |     4 |     1 |     2 ||    10
 Stab: Sleeping          |     1 |     2 |       |     2 |       ||     5
       Distracted        |       |     1 |     2 |     2 |     2 ||     7
       Confused          |       |       |       |     4 |     6 ||    10
       Petrified         |       |       |       |       |     3 ||     3
  Eat: Chunk             |       |     6 |     1 |    22 |    19 ||    48
       Ration            |       |     1 |     6 |     8 |     2 ||    17
Armor: Robe              |    13 |    25 |    85 |    95 |   158 ||   376
       Skin              |       |       |     8 |       |     9 ||    17
Dodge: Dodged            |    61 |    80 |   218 |   333 |   287 ||   979
       Deflected         |       |       |       |     1 |    10 ||    11
Block: Other             |       |       |       |       |     8 ||     8
       Reflection        |       |       |       |       |     1 ||     1

Table legend:
 A = Non-vault XP
 B = Vault XP
 C = Vault XP percentage of total XP
 D = Non-vault monster count
 E = Vault monster count
 F = Vault count percentage of total count
                 A         B        C        D         E       F
            +---------+---------+-------+---------+---------+-------
      Total |   43592 |   33592 |  43.5 |     389 |     143 |  26.9
            +---------+---------+-------+---------+---------+-------
        D:1 |      28 |       0 |   0.0 |      18 |       0 |   0.0
        D:2 |     101 |     209 |  67.4 |      19 |       1 |   5.0
        D:3 |     106 |      63 |  37.3 |      20 |       2 |   9.1
        D:4 |     612 |       0 |   0.0 |      32 |       0 |   0.0
        D:5 |     587 |       0 |   0.0 |      17 |       0 |   0.0
        D:6 |     503 |    1459 |  74.4 |      13 |       8 |  38.1
        D:7 |     508 |     496 |  49.4 |      17 |       6 |  26.1
        D:8 |    2178 |       0 |   0.0 |      28 |       0 |   0.0
        D:9 |    1567 |     559 |  26.3 |      35 |       1 |   2.8
       D:10 |    2736 |     166 |   5.7 |      27 |       2 |   6.9
       D:11 |    3028 |       0 |   0.0 |      21 |       0 |   0.0
       D:12 |    4688 |    1247 |  21.0 |      36 |       8 |  18.2
     Lair:1 |    3538 |    2078 |  37.0 |      19 |       1 |   5.0
     Lair:2 |    4373 |    3411 |  43.8 |      21 |      14 |  40.0
     Lair:3 |    2952 |     816 |  21.7 |      10 |       5 |  33.3
     Lair:4 |    5318 |       0 |   0.0 |      24 |       0 |   0.0
     Lair:5 |    2393 |    6835 |  74.1 |       9 |      35 |  79.5
     Lair:6 |    8376 |    9625 |  53.5 |      23 |      26 |  53.1
     Bailey |       0 |    1959 | 100.0 |       0 |      22 | 100.0
   Gauntlet |       0 |    4669 | 100.0 |       0 |      12 | 100.0
            +---------+---------+-------+---------+---------+-------
